 Dungeon Crawl Stone Soup version 0.31-a0-640-g39d97e502b (webtiles) character file.

Game seed: 8034642335775937442

731 qw the Skirmisher (level 7, -3/44 HPs)
             Began as a Gargoyle Hunter on Aug 27, 2023.
             Was an Initiate of Okawaru.
             Killed from afar by a steam dragon (19 damage)
             ... with a ball of steam
             ... on level 6 of the Dungeon.
             The game lasted 00:01:23 (3573 turns).

qw the Skirmisher (Gargoyle Hunter)                 Turns: 3573, Time: 00:01:23

Health: -3/44      AC: 13    Str: 15    XL:     7   Next: 73%
Magic:  7/7        EV: 11    Int:  9    God:    Okawaru [......]
Gold:   258        SH:  0    Dex: 15    Spells: 6/6 levels left

rFire   . . .        f - +0 shortbow (heavy)
rCold   . . .        (shield currently unavailable)
rNeg    + . .        j - +0 ring mail
rPois   inf          l - +1 hat
rElec   +            (no cloak)
rCorr   .            k - +0 pair of gloves
SInv    .            a - +0 pair of boots
Will    .....        d - amulet of faith
Stlth   +            (no ring)
HPRegen 0.27/turn    (no ring)
MPRegen 0.10/turn

%: faith
@: no status effects
A: sickness immunity, AC +4, negative energy resistance 1, electricity
resistance, torment resistance 1, petrification resistance
a: Renounce Religion


You were on level 6 of the Dungeon.
You worshipped Okawaru.
Okawaru was noncommittal.
You visited 2 branches of the dungeon, and saw 7 of its levels.
You also visited: Sewer.

You collected 366 gold pieces.
You spent 108 gold pieces at shops.


Innate Abilities, Weirdness & Mutations

You are immune to sickness and miasma.
Your stone body is resilient. (AC +4)
You are immune to poison.
You resist negative energy. (rN+)
You are resistant to electric shocks. (rElec)
You are resistant to unholy torment.
You are immune to petrification.


   Skills:
 + Level 4.7 Fighting
 - Level 8.0 Ranged Weapons
 - Level 2.2 Armour
 - Level 1.5 Dodging
 - Level 1.1 Stealth


You had 6 spell levels left.
You didn't know any spells.
Your spell library was empty.

Inventory:

Hand Weapons
 f - a +0 heavy shortbow (weapon)
Armour
 a - a +0 pair of boots (worn)
 j - a +0 ring mail (worn)
 k - a +0 pair of gloves (worn)
 l - a +1 hat (worn)
Jewellery
 d - an amulet of faith (around neck)
Scrolls
 c - a scroll of teleportation
 m - a scroll of identify
 q - 2 scrolls of brand weapon
Potions
 b - a potion of cancellation
 g - a potion of haste {unknown}
 h - 4 potions of curing
 i - a potion of enlightenment {unknown}
 p - a potion of might {unknown}

Dungeon Overview and Level Annotations

Branches:
Dungeon (6/15)             Temple (1/1) D:4           Sewer (visited)

Altars:
Ashenzari
Cheibriados
Dithmenos
Elyvilon
Fedhas
Gozag
Hepliaklqana
Kikubaaqudgha
Makhleb
Nemelex Xobeh
Okawaru
Qazlal
Ru
Trog
Uskayaw
Vehumet
Wu Jian
Xom
Yredelemnul
Zin
The Shining One
Lugonu

Shops:
D:2 !

Portals:
Abyss: D:4

Annotations:
D:3 3 runed translucent doors, qw's ghost, weakling MiHs
D:4 2 runed translucent doors
D:6 2 transporters, qw's ghost, novice MiHs


Message History

The steam dragon moves out of view.
You shoot an arrow. The arrow barely misses the gnoll.
You shoot an arrow. The arrow hits the gnoll!
You kill the gnoll!
Okawaru accepts your kill.
Found a scroll of fog.
Qw's ghost turns its malevolent gaze towards you.
The steam dragon hisses angrily.
You hear an angry hiss.
You hear a shout!
You shoot an arrow.
The arrow completely misses the steam dragon.
The steam dragon breathes steam at you. The ball of steam misses you.
3566 ||| Stepping ~*~*~tactically~*~*~ (cloud).
3567 ||| Stepping ~*~*~tactically~*~*~ (cloud).
Found a scroll of identify.
You shoot an arrow. The arrow hits the steam dragon!
The steam dragon is heavily wounded.
You shoot an arrow.
The arrow closely misses the steam dragon.
The steam dragon breathes steam at you. The ball of steam hits you!
You shoot an arrow.
The arrow closely misses the steam dragon.
You are engulfed in a cloud of scalding steam.
The steam dragon breathes steam at you. The ball of steam misses you.
You shoot an arrow.
The arrow barely misses the steam dragon.
You are engulfed in a cloud of scalding steam.
The orc sings a few bars from the Orcish anthem.
You shoot an arrow.
The arrow barely misses the steam dragon.
You are engulfed in a cloud of scalding steam.
The steam dragon misses you.
The steam dragon claws you but does no damage.
You shoot an arrow.
The arrow barely misses the steam dragon.
The steam dragon breathes steam at you. The ball of steam hits you!!
You die...

...........# #.....# .###
............###.....# ..#
.....................# #.#
.............###.....####)#
.......................##.##
.......¤.¤.......#####...>..
...?.........# #######
......¤¤.....#
.......@.....#
####...D....## ..h##.......#
.#o8#....?.......
#..W#......).....
....#..?...)......
?...#^..#.........
....#..##......... ...#..
#.........


You could see a steam dragon (catching breath), a hound, qw's ghost and an orc.

Vanquished Creatures
  2 ogres
  A phantom (D:5)
  A scorpion (D:3)
  A howler monkey (D:5)
  2 jellies
  An orc priest (D:3)
  A hell rat (Sewer)
  An iguana (D:4)
  An orc wizard (D:3)
  2 gnolls (D:6)
  8 adders
  5 river rats
  A white imp (D:6)
  An ufetubus (D:5)
  3 worms
  3 dart slugs
  5 orcs
  8 ball pythons
  6 bats
  3 endoplasms
  2 giant cockroaches
  10 goblins
  4 hobgoblins
  2 jackals (D:2)
  2 quokkas
  4 kobolds
  7 rats
87 creatures vanquished.

Notes
Turn   | Place    | Note
-------+----------+-------------------------------------------
     0 | D:1      | qw the Gargoyle Hunter began the quest for the Orb.
     0 | D:1      | Reached XP level 1. HP: 12/12 MP: 1/1
     0 | D:1      | 0 ||| qw: Version: 0.3-a-74-g0d5e918
     0 | D:1      | 0 ||| qw: Game counter: 45
     0 | D:1      | 0 ||| qw: Melee chars always use a shield: true
     0 | D:1      | 0 ||| qw: God list: Okawaru
     0 | D:1      | 0 ||| qw: Allow faded altars: false
     0 | D:1      | 0 ||| qw: Do Orc after clearing Dungeon:15 true
     0 | D:1      | 0 ||| qw: Do second Lair branch before Depths: true
     0 | D:1      | 0 ||| qw: Lair rune preference: random
     0 | D:1      | 0 ||| qw: Goals: Normal
     0 | D:1      | 0 ||| PLANNING D:1-11
   305 | D:1      | Reached XP level 2. HP: 17/17 MP: 2/2
   680 | D:1      | 680 ||| UPGRADING to +0 ring mail.
   690 | D:1      | 690 ||| DROPPING +0 leather armour.
   691 | D:1      | 691 ||| READING scroll labelled LUMMIQ NYTABU.
   692 | D:1      | 692 ||| READING scroll labelled YRAOVE NUPU.
   693 | D:1      | 693 ||| READING scroll labelled ZOFEXA VUESS.
   694 | D:1      | 694 ||| READING scroll labelled UCACUHAGAQ.
   695 | D:1      | 695 ||| DROPPING scroll of butterflies.
   835 | D:2      | Reached skill level 1 in Armour
   835 | D:2      | Reached XP level 3. HP: 21/21 MP: 3/3
   927 | D:2      | Reached skill level 5 in Ranged Weapons
  1057 | D:2      | Found Fioclaoz's Distillery.
  1065 | D:2      | 1065 ||| BUYING potion of curing (36 gold).
  1065 | D:2      | Bought a potion of curing for 36 gold pieces
  1065 | D:2      | 1065 ||| BUYING potion of curing (36 gold).
  1065 | D:2      | Bought a potion of curing for 36 gold pieces
  1065 | D:2      | 1065 ||| BUYING potion of curing (36 gold).
  1065 | D:2      | Bought a potion of curing for 36 gold pieces
  1065 | D:2      | 1065 ||| SHOPLISTING potion of enlightenment (60 gold, have
                  | 23).
  1268 | D:2      | 1268 ||| UPGRADING to +0 pair of boots.
  1273 | D:2      | 1273 ||| UPGRADING to +0 pair of gloves.
  1278 | D:2      | 1278 ||| READING scroll labelled GIEQOE TUUCU.
  1279 | D:2      | 1279 ||| READING scroll labelled ZUDUK NU SAPH.
  1280 | D:2      | 1280 ||| READING scroll labelled DILLI FETI.
  1281 | D:2      | 1281 ||| DRINKING 2 sedimented dark potions.
  1282 | D:2      | 1282 ||| DROPPING potion of brilliance.
  1321 | D:3      | 1321 ||| PLANNING SEWER
  1323 | D:3      | 1323 ||| STAIRDANCE
  1326 | D:2      | Reached XP level 4. HP: 27/27 MP: 4/4
  1332 | D:3      | Reached skill level 3 in Fighting
  1381 | D:3      | Noticed a scorpion
  1384 | D:3      | Noticed qw's ghost (weakling MiHs)
  1385 | D:3      | Killed a scorpion
  1386 | D:3      | Reached XP level 5. HP: 31/32 MP: 5/5
  1405 | D:3      | Found a runed translucent gate.
  1405 | D:3      | Found a runed translucent gate.
  1407 | D:3      | Found a runed translucent gate.
  1457 | D:3      | Found a faded altar of an unknown god.
  1459 | D:3      | Reached skill level 6 in Ranged Weapons
  1601 | D:3      | Found a glowing drain.
  1604 | D:3      | 1604 ||| UPGRADING to +1 hat.
  1623 | D:3      | 1623 ||| FLEEEEING.
  1624 | D:3      | 1624 ||| FLEEEEING.
  1668 | D:3      | 1668 ||| UPGRADING to amulet of faith.
  1673 | D:3      | 1673 ||| READING scroll labelled PAGONT YNGOGI.
  1693 | D:3      | Reached XP level 6. HP: 38/38 MP: 6/6
  1702 | Sewer    | Entered a sewer
  1728 | Sewer    | 1728 ||| Stepping ~*~*~tactically~*~*~ (water).
  1806 | Sewer    | 1806 ||| READING scroll labelled WYTHUEPTET.
  1807 | Sewer    | 1807 ||| READING scroll labelled FUIDER NAEZIN.
  1808 | Sewer    | 1808 ||| READING scroll labelled BUDDAZX FADAOM.
  1811 | Sewer    | 1811 ||| DRINKING 2 silvery potions.
  1819 | D:3      | 1819 ||| PLANNING D:1-11
  2012 | D:4      | Found a large runed translucent door.
  2012 | D:4      | Found a large runed translucent door.
  2235 | D:4      | Reached skill level 7 in Ranged Weapons
  2269 | D:4      | Found a one-way gate to the infinite horrors of the Abyss.
  2373 | D:4      | Reached XP level 7. HP: 43/43 MP: 7/7
  2390 | D:4      | Found a staircase to the Ecumenical Temple.
  2391 | D:4      | 2391 ||| PLANNING TEMPLE
  2391 | D:4      | 2391 ||| READING scroll labelled BIMEUSYUCW.
  2392 | D:4      | 2392 ||| READING 3 scrolls of identify.
  2392 | D:4      | 2392 ||| IDENTIFYING orange potion
  2393 | D:4      | 2393 ||| READING 2 scrolls of identify.
  2393 | D:4      | 2393 ||| IDENTIFYING glowing silvery potion
  2394 | D:4      | 2394 ||| DROPPING potion of berserk rage.
  2395 | D:4      | 2395 ||| DROPPING potion of attraction.
  2402 | Temple   | Entered the Ecumenical Temple
  2403 | Temple   | 2403 ||| PLANNING OKAWARU WORSHIP
  2411 | Temple   | Became a worshipper of Warmaster Okawaru
  2412 | Temple   | 2412 ||| PLANNING D:1-11
  2572 | D:4      | Found a corrupted altar of Lugonu.
  2642 | D:5      | Entered Level 5 of the Dungeon
  2825 | D:5      | Reached skill level 8 in Ranged Weapons
  3361 | D:5      | 3361 ||| READING 2 scrolls of identify.
  3361 | D:5      | 3361 ||| IDENTIFYING red potion
  3362 | D:5      | 3362 ||| DROPPING potion of ambrosia.
  3430 | D:6      | 3430 ||| FLEEEEING.
  3432 | D:6      | 3432 ||| FLEEEEING.
  3433 | D:6      | 3433 ||| FLEEEEING.
  3434 | D:6      | 3434 ||| FLEEEEING.
  3436 | D:6      | 3436 ||| FLEEEEING.
  3437 | D:6      | 3437 ||| FLEEEEING.
  3438 | D:6      | 3438 ||| FLEEEEING.
  3439 | D:6      | 3439 ||| FLEEEEING.
  3440 | D:6      | 3440 ||| FLEEEEING.
  3441 | D:6      | 3441 ||| FLEEEEING.
  3442 | D:6      | 3442 ||| FLEEEEING.
  3443 | D:6      | 3443 ||| FLEEEEING.
  3447 | D:6      | 3447 ||| FLEEEEING.
  3448 | D:6      | 3448 ||| FLEEEEING.
  3449 | D:6      | 3449 ||| STAIRDANCE
  3480 | D:6      | 3480 ||| STAIRDANCE
  3557 | D:6      | Found a transporter.
  3560 | D:6      | Noticed a steam dragon
  3564 | D:6      | Found a transporter.
  3564 | D:6      | Noticed qw's ghost (novice MiHs)
  3566 | D:6      | 3566 ||| Stepping ~*~*~tactically~*~*~ (cloud).
  3567 | D:6      | 3567 ||| Stepping ~*~*~tactically~*~*~ (cloud).
  3573 | D:6      | Killed from afar by a steam dragon

Levels and vault maps discovered:
D:1:      amcnicky_arrival_single_pillar, layout_basic
D:2:      layout_loops_cross, serial_shops, shop, kennysheep_generic_room_6
D:3:      layout_rooms, portal_sewer_entry_a, gammafunk_ghost_split,
          nicolae_ecumenical_snake_handling
D:4:      due_chaos_kobolds, layout_basic, minmay_temple_entry_nine_rooms,
          hangedman_abyss_or_decor_lesser_grid
D:5:      layout_cave_pods
D:6:      layout_basic, gammafunk_ghost_arena
Temple:   grunt_wide_crystal_templ

Skill      XL: |  1  2  3  4  5  6  7 |
---------------+----------------------+-----
Armour         | 1 2 |  2.2
Ranged Weapons | 5 6 7 8 |  8.0
Fighting       | 3 4 |  4.7
Dodging        | |  1.5
Stealth        | |  1.1

Action                     |  1- 3 |  4- 6 |  7- 9 || total
---------------------------+-------+-------+-------++-------
   Fire: Shortbow          |    68 |   132 |    52 ||   252
    Use: Scroll            |     7 |     4 |     4 ||    15
         Potion            |     1 |     1 |       ||     2
 Armour: Ring mail         |    23 |    42 |    21 ||    86
         Leather armour    |     2 |       |       ||     2
  Dodge: Dodged            |    41 |    45 |    29 ||   115

Table legend:
 A = Non-vault XP
 B = Vault XP
 C = Vault XP percentage of total XP
 D = Non-vault monster count
 E = Vault monster count
 F = Vault count percentage of total count
                 A         B        C        D         E       F
            +---------+---------+-------+---------+---------+-------
      Total |     895 |     150 |  14.4 |      66 |      21 |  24.1
            +---------+---------+-------+---------+---------+-------
        D:1 |      20 |       0 |   0.0 |      11 |       0 |   0.0
        D:2 |      44 |      17 |  27.9 |      14 |       3 |  17.6
        D:3 |     245 |      41 |  14.3 |      19 |       9 |  32.1
        D:4 |     180 |       0 |   0.0 |      11 |       0 |   0.0
        D:5 |     368 |       0 |   0.0 |       8 |       0 |   0.0
        D:6 |      38 |       0 |   0.0 |       3 |       0 |   0.0
      Sewer |       0 |      92 | 100.0 |       0 |       9 | 100.0
            +---------+---------+-------+---------+---------+-------
